Map: Newkirk Precinct TE (Void)

Players

bushwacker - Winner!

  • Race: Zerg Zerg
  • League: Platinum
  • Spawn Location: 7:00

FURY

  • Race: Terran Terran
  • League: Platinum
  • Spawn Location: 5:00

VOD

Have the link to the VOD?

Description

Time

  • Played on: Jan. 18, 2017, 6:36 a.m.
  • Length: 11:22
Show
View Real Time Build Order
Export as new Build Order

bushwacker Zerg - Winner!

Build Orders: Hatch First 

Get SALT Encoding   

  12  0:01  Drone  
  13  0:08  Drone  
  14  0:18  Overlord  
  14  0:37  Drone x3  
  17  0:55  Hatchery  
  17  0:57  Drone  
  17  1:00  Drone  
  18  1:11  Extractor  
  17  1:17  Spawning Pool  
  16  1:19  Drone  
  16  1:22  Drone  
  18  1:31  Drone  
  19  1:42  Overlord  
  19  1:52  Drone  
  20  2:03  Queen  
  20  2:04  Zergling x2  
  20  2:06  Queen  
  26  2:08  Zergling x2  
  26  2:13  Metabolic Boost  
  26  2:15  Drone  
  27  2:20  Drone  
  28  2:26  Drone  
  28  2:29  Drone  
  30  2:39  Drone x2  
  32  2:56  Queen  
  32  2:57  Drone x2  
  32  2:58  Overlord  
  36  3:15  Hatchery  
  35  3:23  Drone x6  
  40  3:41  Queen  
  42  3:42  Overlord  
  42  4:13  Queen  
  42  4:15  Drone x3  
  42  4:16  Overlord x2, Drone x2  
  42  4:17  Overlord x2  
  49  4:23  Evolution Chamber  
  48  4:25  Evolution Chamber, Drone x2  
  49  4:32  Zergling x2  
  49  4:33  Zergling x4  
  49  4:37  Queen  
  54  4:38  Drone x2  
  54  4:42  Spore Crawler  
  54  4:44  Spore Crawler  
  54  4:46  Drone x4  
  54  4:47  Overlord, Drone  
  54  4:50  Zerg Melee Weapons Level 1  
  59  4:54  Zerg Ground Armor Level 1  
  59  5:05  Zergling x2  
  59  5:06  Zergling x8  
  64  5:13  Baneling Nest  
  63  5:23  Extractor  
  63  5:26  Drone x3, Extractor x2  
  63  5:28  Zergling x10  
  68  5:38  Spore Crawler, Drone  
  68  5:39  Drone x6  
  74  5:43  Drone x2  
  74  5:44  Drone  
  73  6:00  Zergling x2  
  73  6:01  Zergling x10  
  78  6:12  Drone x2  
  78  6:13  Drone  
  78  6:17  Zergling x4  
  78  6:18  Zergling x10  
  85  6:22  Baneling x4  
  85  6:23  Baneling x2  
  88  6:25  Queen  
  88  6:26  Queen  
  88  6:28  Drone x2  
  88  6:32  Lair  
  94  6:35  Drone  
  94  6:36  Drone  
  96  6:46  Hatchery  
  95  6:48  Hatchery  
  95  6:49  Baneling x5  
  95  6:50  Baneling x3  
  95  6:51  Overlord x4  
  94  7:00  Zergling x6  
  97  7:08  Baneling x4  
  97  7:25  Zergling x8  
  97  7:26  Zergling x20  
  92  7:48  Zergling x2  
  92  7:49  Zergling x24  
  95  8:03  Zerg Melee Weapons Level 2, Queen, Zerg Ground Armor Level 2  
  97  8:07  Queen  
  97  8:09  Centrifical Hooks  
  97  8:11  Zergling x14  
  97  8:12  Zergling x16  
  114  8:18  Baneling x6  
  114  8:19  Baneling x6  
  114  8:20  Baneling  
  114  8:26  Spire  
  113  8:30  Extractor  
  113  8:31  Drone x4  
  113  8:32  Drone, Extractor  
  116  8:43  Zergling x10  
  116  8:45  Drone x3  
  124  8:53  Zergling x4  
  124  8:54  Zergling x12  
  128  9:15  Zergling x18  
  128  9:16  Zergling x14  
  130  9:29  Zergling x2  
  130  9:30  Zergling x20  
  123  9:34  Zergling x8  
  112  9:47  Overseer  
  112  9:48  Overseer x4  
  107  9:59  Drone x3  
  110  10:01  Drone x3  
  113  10:13  Corruptor x4  
  113  10:14  Corruptor  
  119  10:16  Zergling x2  
  119  10:17  Zergling x4  
  126  10:23  Hatchery  
  125  10:30  Zergling x2  
  125  10:31  Zergling x14  
  133  10:35  Overlord x2  
  133  10:36  Overlord  
  131  10:53  Zergling x10  
  131  10:54  Zergling x24  
  148  11:04  Zergling x14  
Show
View Real Time Build Order
Export as new Build Order

FURY Terran 

Build Orders: Reaper Expand, MMM Bio 

Get SALT Encoding   

  12  0:01  SCV  
  13  0:13  SCV  
  14  0:19  Supply Depot  
  14  0:25  SCV  
  15  0:42  Barracks  
  15  0:44  SCV  
  15  0:45  Refinery  
  16  0:59  SCV  
  17  1:22  SCV  
  18  1:33  Reaper  
  18  1:35  Orbital Command  
  19  1:40  Command Center  
  19  1:58  Barracks  
  19  2:04  Supply Depot  
  19  2:14  Barracks Reactor  
  19  2:22  SCV  
  20  2:28  Factory  
  20  2:37  Refinery  
  20  2:38  SCV  
  21  2:50  SCV  
  22  3:02  SCV  
  22  3:05  Orbital Command  
  23  3:13  Bunker  
  23  3:14  SCV  
  23  3:17  Barracks Tech Lab  
  24  3:23  Orbital Command  
  24  3:24  Factory Reactor  
  24  3:26  SCV  
  25  3:27  Starport  
  25  3:29  Supply Depot  
  24  3:36  Marine x2  
  24  3:38  SCV  
  24  3:39  Stimpack  
  27  3:51  SCV  
  27  3:54  SCV  
  29  4:02  Marine x2  
  30  4:03  SCV  
  30  4:09  SCV  
  32  4:15  SCV  
  33  4:21  SCV  
  33  4:24  Medivac x2  
  36  4:25  Marine x2  
  36  4:26  Marine  
  36  4:27  Factory Tech Lab, SCV  
  42  4:33  Engineering Bay, SCV  
  43  4:39  SCV  
  43  4:42  Marine  
  43  4:43  Marine  
  43  4:45  SCV  
  47  4:51  SCV  
  47  4:52  Siege Tank  
  51  4:57  SCV  
  51  4:58  Marine  
  53  5:00  Marine  
  53  5:02  Terran Infantry Weapons Level 1  
  53  5:05  Refinery  
  54  5:09  Supply Depot  
  54  5:11  Supply Depot  
  54  5:31  Marine x3, SCV x2  
  54  5:32  Supply Depot  
  59  5:43  SCV x2  
  59  5:49  Marine x3  
  64  5:52  Siege Tank  
  64  5:55  SCV  
  63  6:06  Marine x3  
  66  6:14  SCV, Factory  
  67  6:22  Refinery, SCV  
  67  6:23  Supply Depot  
  67  6:24  Supply Depot, Marine x2, Siege Tank  
  67  6:25  Combat Shields, Marauder  
  75  6:42  Marine x2  
  75  6:46  Marauder  
  79  6:49  Barracks  
  79  6:50  Barracks  
  79  6:52  Barracks  
  79  6:54  Armory  
  79  7:00  Marine x2  
  81  7:04  SCV  
  81  7:05  SCV  
  81  7:08  Marauder  
  85  7:16  SCV  
  85  7:17  SCV  
  87  7:24  Marine  
  87  7:25  Marine  
  87  7:28  Factory Reactor  
  87  7:29  Marauder  
  91  7:30  Infernal Pre-Igniter  
  91  7:31  SCV  
  92  7:41  Liberator x2  
  92  7:42  Marine x2  
  69  7:50  Marauder  
  66  7:52  Widow Mine  
  70  8:00  Marine x2  
  70  8:05  Barracks Reactor x2  
  75  8:06  Barracks Reactor  
  75  8:07  Hellion  
  75  8:08  Hellion  
  75  8:10  SCV x2  
  75  8:12  Marauder  
  83  8:17  Command Center  
  83  8:18  Marine x2  
  85  8:21  Widow Mine  
  85  8:22  SCV x2  
  89  8:33  Marauder, Widow Mine  
  93  8:36  Marine  
  93  8:40  Starport  
  94  8:44  Terran Infantry Weapons Level 2, Terran Vehicle Weapons Level 1  
  94  8:45  Supply Depot x2  
  94  8:46  Supply Depot  
  94  9:04  Supply Depot  
  94  9:06  Marine x3, SCV, Widow Mine  
  94  9:07  Marine x5, Marauder, SCV  
  93  9:18  SCV  
  93  9:19  SCV  
  93  9:24  Marine x3  
  90  9:25  Marine x5  
  90  9:27  Marine  
  90  9:30  SCV  
  87  9:31  SCV  
  62  9:43  SCV  
  56  9:50  SCV  
  52  10:17  SCV  
  52  10:18  SCV  
  54  10:24  Supply Depot  
  54  10:28  Marine x3  
  55  10:29  Marine x3, Marauder, SCV  
  55  10:30  SCV, Hellion x3  
  70  10:42  SCV  
  57  10:50  Marauder  
  57  10:56  Bunker  
Tags
 
Add a new tag
Caveats
  • Supply blocks, unpowered buildings, or Contaminate may cause inaccurate times.
  • Supply counts are checked every 10 seconds.